 Dungeon Crawl Stone Soup version 0.30-a0-737-gf23d94013f (webtiles) character file.

Game seed: 6532787070212921398

114 themarg the Firebug (level 4, -2/35 HPs)
             Began as a Mummy Cinder Acolyte on Feb 2, 2023.
             Was an Elder of Ignis.
             Killed from afar by Sigmund (7 damage)
             ... with a puff of flame
             ... on level 2 of the Dungeon.
             The game lasted 00:06:21 (2549 turns).

themarg the Firebug (Mummy Cinder Acolyte)          Turns: 2549, Time: 00:06:22

Health: -2/35      AC:  9    Str: 17    XL:     4   Next: 66%
Magic:  1/7        EV: 11    Int: 15    God:    Ignis [****..]
Gold:   166        SH:  0    Dex:  7    Spells: 5/7 levels left

rFire   . . .      SeeInvis +    a - -1 short sword (flame)
rCold   + . .      Faith    +    (no shield)
rNeg    + + +      Spirit   .    b - +0 robe
rPois   ∞          Reflect  .    (no helmet)
rElec   .          Harm     .    (no cloak)
rCorr   .          Rampage  .    (no gloves)
Will    .....                    (no boots)
Stlth   ++                       k - amulet of regeneration
HPRegen 1.05/turn                f - ring of see invisible
MPRegen 0.10/turn                (no ring)

@: fiery-armoured
A: cold resistance 1, negative energy resistance 3, torment resistance 2, heat
vulnerability 1, in touch with death 1, no potions, faith
a: Renounce Religion, Fiery Armour, Foxfire Swarm, Rising Flame


You were on level 2 of the Dungeon.
You worshipped Ignis.
Ignis was greatly pleased with you.
You visited 1 branch of the dungeon, and saw 3 of its levels.

You collected 166 gold pieces.

Inventory:

Hand Weapons
 a - a -1 short sword of flaming (weapon)
Missiles
 c - 39 stones (quivered)
 g - 3 boomerangs
 i - 2 poisoned darts
 l - a throwing net
Armour
 b - a +0 robe (worn)
 o - a +0 helmet
Jewellery
 d - an amulet of reflection
 f - a ring of see invisible (left hand)
 k - an amulet of regeneration (around neck)
Scrolls
 e - a scroll of identify
 h - 2 scrolls of noise
 j - a scroll of immolation {unknown}
 m - a scroll of teleportation {unknown}
 n - a scroll of poison {unknown}


   Skills:
 - Level 3.0 Fighting
 - Level 2.4 Short Blades
 - Level 2.0 Stealth
 + Level 2.3 Spellcasting
 + Level 3.7 Fire Magic


You had 5 spell levels left.
You knew the following spells:

 Your Spells              Type           Power      Damage    Failure   Level
a - Scorch                Fire           26%        2d6       7%          2

Your spell library contained the following spells:

 Spells                   Type           Power      Damage    Failure   Level


Dungeon Overview and Level Annotations

Branches:
Dungeon (3/15)

Altars:

Annotations:
D:2 Sigmund


Innate Abilities, Weirdness & Mutations

You are immune to poison.
Your flesh is cold resistant. (rC+)
You are immune to negative energy. (rN+++)
You are immune to unholy pain and torment.
You are vulnerable to heat. (rF-)
You are in touch with the powers of death.
You do not drink.
You have a special connection with the divine. (Faith)


Message History

Found 10 gold pieces.
Flames lash the dart slug.
You kill the dart slug!
You now have 155 gold pieces (gained 10).
A bat comes into view.
A bat is nearby!
You start waiting.
Done waiting.
You now have 166 gold pieces (gained 11).
A bat is nearby!
The bat hits you. The bat hits you but does no damage. The bat hits you.
The bat hits you but does no damage.
Flames lash the bat.
You kill the bat!
You start resting.
Magic restored.
You see here a bat corpse.
Sigmund shouts!
Flames lash Sigmund.
Sigmund is moderately wounded.
Sigmund's fire resistance burns away.
Sigmund hits you from afar with a +0 scythe.
Flames lash Sigmund.
Sigmund is burned terribly!
Sigmund is severely wounded.
Flames lash Sigmund.
Sigmund is burned terribly!
Sigmund is almost dead.
Sigmund casts a spell at you. The puff of flame hits you!
Sigmund points at you and mumbles some strange words.
The puff of flame hits you!
You hit Sigmund. You burn Sigmund.
Sigmund is almost dead.
Sigmund hits you with a +0 scythe!
* * * LOW HITPOINT WARNING * * *
A protective cloak of flame settles atop you.
Sigmund casts a spell at you. The puff of flame hits you!
You die...

.#
###..#...###.###..##.#÷#######
.# #...#.#.#.####.....).# .#
#..................#########
##
#...#.#.#.#................#
##
#..#...##.#......#.#######.#
.# #..................# #.# .#
##.##.###..........# #.. .#
#.##.#####@.......# #.. .#
#.##......@.....#.# #.# .#
#.########..#####.# #.# .# #.#
#...# .# #.#
.######.#######...# ..#
..................# ###
#.#####.########.## #.# #.#
#.# #.#####.# #.# #.##....#
#.#


You could see Sigmund (combustible).

Vanquished Creatures
  6 adders
  A dart slug (D:2)
  2 ball pythons
  3 endoplasms
  7 goblins
  8 hobgoblins
  8 jackals (D:1)
  7 kobolds
  2 quokkas (D:2)
  5 bats
  A frilled lizard (D:2)
  4 rats
54 creatures vanquished.

Notes
Turn   | Place    | Note
-------+----------+-------------------------------------------
     0 | D:1      | themarg the Mummy Cinder Acolyte began the quest for the
                  | Orb.
     0 | D:1      | Reached XP level 1. HP: 18/18 MP: 2/2
   124 | D:1      | Reached XP level 2. HP: 24/24 MP: 4/4
   127 | D:1      | Learned a level 2 spell: Scorch
   220 | D:1      | Reached skill level 1 in Stealth
   592 | D:1      | Gained mutation: You are in touch with the powers of death.
                  | [Mummy growth]
   592 | D:1      | Reached XP level 3. HP: 21/29 MP: 1/6
  1344 | D:2      | Noticed Sigmund
  1364 | D:2      | HP: 1/29 [Sigmund/magic dart (3)]
  1402 | D:3      | Reached XP level 4. HP: 10/35 MP: 1/7
  1543 | D:3      | Found a faded altar of an unknown god.
  2549 | D:2      | Killed from afar by Sigmund

Illustrated notes

Levels and vault maps discovered:
D:1:      dpeg_arrival_lava_temple_mockup, layout_basic
D:2:      layout_loops_ring, uniq_sigmund
D:3:      layout_basic, mainiacjoe_overflow_boulevard, basic_ecumenical_altar,
          uniq_terence

Skill      XL: |  1  2  3 |
---------------+----------+-----
Spellcasting   | 2 |  2.3
Stealth        | 1 2 |  2.0
Fire Magic     | 3 |  3.7
Fighting       | |  3.0
Short Blades   | |  2.4

Action                     |  1- 3 |  4- 6 || total
---------------------------+-------+-------++-------
  Melee: Short sword       |    56 |     1 ||    57
         Punch             |     1 |       ||     1
   Cast: Scorch            |    27 |    23 ||    50
 Invoke: Fiery Armour      |     3 |     1 ||     4
    Use: Scroll            |     1 |       ||     1
 Armour: Robe              |    18 |     2 ||    20
  Dodge: Dodged            |    36 |     2 ||    38
  Block: Other             |    16 |       ||    16
         Reflection        |     1 |       ||     1

Table legend: (Time is in decaauts)
 A = Elapsed time spent in this place.
 B = Non-inter-level travel time spent in this place.
 C = Inter-level travel time spent in this place.
 D = Time resting spent in this place.
 E = Time spent auto-exploring this place.
 F = Levels seen in this place.
 G = Mean time per level.
                   A        B        C        D        E       F      G
               +--------+--------+--------+--------+--------+-----+--------+
         Total |   2541 |   2487 |     54 |    412 |   1617 |   3 |  847.0 |
       Dungeon |   2541 |   2487 |     54 |    412 |   1617 |   3 |  847.0 |
               +--------+--------+--------+--------+--------+-----+--------+

Top non-repeatable levels by time:
     D:2: 1393 daAuts
     D:1: 977 daAuts
     D:3: 171 daAuts
